 Dungeon Sprint DCSS version 0.30-a0-824-g6c64550be9 (webtiles) character file.

Game seed: 13523040130154200102

900000 ytrimaz the Insei (level 1, -29/16 HPs)
             Began as a Demonspawn Gladiator on Feb 27, 2023.
             Was an Initiate of Makhleb.
             Annihilated by a meat berserker
             ... wielding a +9 battleaxe
              (45 damage)
             ... in the Dungeon (Sprint VIII: "Arena of Blood").
             The game lasted 00:00:21 (9 turns).

ytrimaz the Insei (Demonspawn Gladiator)               Turns: 9, Time: 00:00:21

Health: -29/16     AC:  4    Str: 14    XL:     1   Next: 0%
Magic:  1/1        EV: 12    Int:  9    God:    Makhleb [......]
Gold:   0          SH:  0    Dex: 14    Spells: 0/0 levels left

rFire   . . .      SeeInvis .    k - +∞ Axe of Woe
rCold   . . .      Faith    .    (shield currently unavailable)
rNeg    . . .      Spirit   .    a - +0 leather armour
rPois   .          Reflect  .    b - +0 helmet
rElec   .          Harm     .    (no cloak)
rCorr   .          Rampage  .    (no gloves)
Will    .....      NoTele   +    (no boots)
Stlth   +                        (no amulet)
HPRegen 0.22/turn                (no ring)
MPRegen 0.07/turn                (no ring)

@: no status effects
A: no striking features
a: Renounce Religion


You were in the Dungeon.
You worshipped Makhleb.
Makhleb was noncommittal.
You visited 1 branch


   Skills:
 + Level 2.0 Fighting
 + Level 0.0 Axes
 - Level 1.7 Throwing
 + Level 0.0 Armour
 + Level 2.6 Dodging
 - Level 2.6 Unarmed Combat


You couldn't memorise any spells.
You didn't know any spells.
Your spell library was empty.

Inventory:

Hand Weapons
 k - the +∞ Axe of Woe (weapon)
   (You found it in the Dungeon)
Missiles
 c - 3 throwing nets (quivered)
 d - a javelin
Armour
 a - a +0 leather armour (worn)
 b - a +0 helmet (worn)
Scrolls
 j - a scroll of blinking
Potions
 e - a potion of curing
 f - a potion of heal wounds
 g - a potion of haste
 h - 2 potions of magic
 i - a potion of berserk rage

Dungeon Overview and Level Annotations

Branches:
Dungeon (1/1) Zot: 27000

Altars:
Makhleb

..........
..........O
......... #.
o....# #.. ....#
. .###..
...###...
......###O.......
.....o._o@O......
....#.....#......
. #_.<._# .....
#.....# ....
....._..... ...
.....O###........
.###.. ...###. .
#.. ...# #.. ..#


You could see 3 meat berserkers and 3 bags of meat.


Message History

------------------------------------------------------------------------------ ------------------------------------------------------------------------------ -- -- -- The Arena Of Blood -- -- -- -- -- -- -- -- You descend into the pit of gibs and meat, -- -- The sunken abyss of the depraved, -- -- The mill of turgid gutspawn. -- -- The writhen instruments serve in adoration, -- -- Immured beneath a rotten throne. -- -- -- -- Before you lies the servitor of chaos, -- -- The cleaver, -- -- The blasphemer, -- -- The destroyer, -- -- The Axe of Woe. -- -- -- -- Vessel of Makhleb, -- -- You are the unmaker, -- -- You bring the rapture, -- -- The murmurs of the thralls rise... -- -- The theatre of blood begins. -- -- -- ------------------------------------------------------------------------------ ------------------------------------------------------------------------------ 🤖 Initializing magus.rc ...
Options error: Delay interrupt name "hungry" not recognised. (~/.crawlrc:4375) Options error: Bad monster_list_colour key: strict_neutral (~/.crawlrc:4390) Bad channel name for runrest: 'pray:' ✅ Successfully initialized magus.rc [v1.9.6] Welcome, ytrimaz the Demonspawn Gladiator.
Press ? for a list of commands and other information.
Found the +∞ Axe of Woe.
Found four burning altars of Makhleb.
Found a staircase leading out of the dungeon.
k - the +∞ Axe of Woe You hear a shout! x7
A bag of meat comes into view. It is wielding a +9 war axe.
You hear a shout! x7
There is a burning altar of Makhleb here.
You kneel at the altar of Makhleb.
Makhleb welcomes you!
You hear a shout! x8
Unknown command.
Press < or > to pray at altars.
k - the +∞ Axe of Woe (weapon)
You hear a shout! x2
The bag of meat shouts!
You hear a shout! x2
A meat berserker comes into view. It is wielding a +9 battleaxe.
You hear a shout! x6
A bag of meat comes into view. It is wielding a +9 war axe.
The bag of meat appears out of thin air!
A bag of meat comes into view. It is wielding a +9 war axe.
The bag of meat appears out of thin air!
A bag of meat comes into view. It is wielding a +9 war axe.
The bag of meat shouts! x3; You hear a shout! x7
The bag of meat moves out of view.
You hear a shout! x6
Unknown command.
You hear a shout! x4
Unknown command.
You slash the bag of meat!
You slaughter the bag of meat joyfully.
You kill the bag of meat!
Makhleb accepts your kill.
The meat berserker appears out of thin air!
A meat berserker comes into view. It is wielding a +9 battleaxe.
The meat berserker shouts!
You hear a shout! x5
A meat berserker comes into view. It is wielding a +9 battleaxe.
You hear a shout! x3
The meat berserker hits you with a +9 battleaxe!!!
Ouch! That really hurt!
You die...

Action                     || total
---------------------------++-------
  Melee: Executioner's axe ||     1

Levels and vault maps discovered:
D:        meatsprint

Notes
Turn   | Place    | Note
-------+----------+-------------------------------------------
     0 | D        | Found the +∞ Axe of Woe
     0 | D        | ytrimaz the Demonspawn Gladiator began the quest for the
                  | Orb.
     0 | D        | Reached XP level 1. HP: 16/16 MP: 1/1
     0 | D        | magus.rc [v1.9.6]
     1 | D        | Noticed a bag of meat
     3 | D        | Became a worshipper of Makhleb the Destroyer
     5 | D        | Noticed a meat berserker
     6 | D        | Noticed a bag of meat
     6 | D        | Noticed a bag of meat
     6 | D        | Noticed a bag of meat
     9 | D        | Killed a bag of meat
     9 | D        | Noticed a meat berserker
     9 | D        | Noticed a meat berserker
     9 | D        | Annihilated by a meat berserker

Vanquished Creatures
  An orc (D)
1 creature vanquished.

Table legend:
 A = Non-vault XP
 B = Vault XP
 C = Vault XP percentage of total XP
 D = Non-vault monster count
 E = Vault monster count
 F = Vault count percentage of total count
                 A         B        C        D         E       F
            +---------+---------+-------+---------+---------+-------
      Total |       0 |    9755 | 100.0 |       0 |       1 | 100.0
            +---------+---------+-------+---------+---------+-------
          D |       0 |    9755 | 100.0 |       0 |       1 | 100.0
            +---------+---------+-------+---------+---------+-------

Illustrated notes

Table legend:
 A = Kills in this place as a percentage of kills in entire the game.
 B = Kills by you in this place as a percentage of kills by you in the entire game.
 C = Kills by friends in this place as a percentage of kills by friends in the entire game.
 D = Other kills in this place as a percentage of other kills in the entire game.
 E = Experience gained in this place as a percentage of experience gained in the entire game.
 F = Experience gained in this place divided by the number of levels of this place that you have seen.
                   A       B       C       D       E      F
               +-------+-------+-------+-------+-------+----------------------
         Total | 100.0 | 100.0 |   N/A |   N/A | 100.0 | 9755.0
       Dungeon | 100.0 | 100.0 |   N/A |   N/A | 100.0 | 9755.0
               +-------+-------+-------+-------+-------+----------------------

Table legend: (Time is in decaauts)
 A = Elapsed time spent in this place.
 B = Non-inter-level travel time spent in this place.
 C = Inter-level travel time spent in this place.
 D = Time resting spent in this place.
 E = Time spent auto-exploring this place.
 F = Levels seen in this place.
 G = Mean time per level.
                   A        B        C        D        E       F      G
               +--------+--------+--------+--------+--------+-----+--------+
         Total |      8 |      8 |      0 |      0 |      0 |   1 |    8.0 |
       Dungeon |      8 |      8 |      0 |      0 |      0 |   1 |    8.0 |
               +--------+--------+--------+--------+--------+-----+--------+

Top non-repeatable levels by time:
       D: 8 daAuts
